 Dungeon Crawl Stone Soup version 0.22-a0-422-g9628fc8 (webtiles) character file.

1569 Gorice the Slicer (level 8, -1/48 HPs)
             Began as a Deep Elf Wanderer on May 19, 2018.
             Killed from afar by an orc wizard (2 damage)
             ... with a magic dart
             ... on level 6 of the Dungeon.
             The game lasted 00:33:07 (8654 turns).

Gorice the Slicer (Deep Elf Wanderer)               Turns: 8654, Time: 00:33:07

Health: -1/48      AC:  6    Str: 11    XL:     8   Next: 59%
Magic:  10/10      EV: 12    Int: 20    God:
Gold:   297        SH:  5    Dex: 12    Spells: 7/7 levels left

rFire    . . .     SeeInvis .   a - +1 short sword (elec)
rCold    . . .     Gourm    .   v - +0 buckler
rNeg     + . .     Faith    .   k - +2 robe {Archmagi}
rPois    .         Spirit   .   (no helmet)
rElec    .         Reflect  .   g - +0 cloak
rCorr    .         Harm     .   y - +0 pair of gloves
MR       +....                  (no boots)
Stlth    ++........             (no amulet)
HPRegen  0.16/turn              j - ring of positive energy
MPRegen  0.12/turn              m - ring of protection from magic

@: lethally poisoned (-1 -> -28)
A: no striking features
a: no special abilities


You were on level 6 of the Dungeon.
You were hungry.

You visited 2 branches of the dungeon, and saw 7 of its levels.
You also visited: Sewer.

You collected 297 gold pieces.

Inventory:

Hand Weapons
 a - a +1 short sword of electrocution (weapon)
   (You took it off a kobold in a sewer)
 b - a +1 hunting sling of freezing
   (You took it off a goblin on level 3 of the Dungeon)
 o - a +2 short sword
 D - a +0 dagger of venom
   (You took it off an orc on level 5 of the Dungeon)
Missiles
 z - 11 tomahawks (quivered)
 Y - 121 stones
Armour
 d - a +0 robe
 g - a +0 cloak (worn)
 k - a +2 robe of the Archmagi (worn)
   (You found it on level 1 of the Dungeon)
 n - a +0 ring mail
 v - a +0 buckler (worn)
 y - a +0 pair of gloves (worn)
 B - the +1 robe of Refuge {+Blink rN+, unknown}
   (You found it on level 5 of the Dungeon)

   It protects you from negative energy.
   It lets you blink.
Magical Staves
 E - an uncursed staff of power
Jewellery
 h - an uncursed ring of positive energy
 j - a ring of positive energy (left hand)
 m - a ring of protection from magic (right hand)
Wands
 i - a wand of paralysis (5)
Scrolls
 l - 3 scrolls of enchant armour
 p - 6 scrolls of teleportation {!r}
 u - 4 scrolls of remove curse
 x - 2 scrolls of enchant weapon
Potions
 c - 13 potions of curing
 e - 6 potions of lignification {!q}
 q - a potion of berserk rage
 r - 2 potions of brilliance {!q}
 s - 2 potions of might {!q}
 t - 6 potions of heal wounds {!q}
 w - a potion of magic {unknown}
 A - a potion of flight {unknown}
 C - a potion of mutation {unknown}
Comestibles
 f - 16 rations
 F - 12 chunks of flesh


   Skills:
 + Level 4.5 Fighting
 + Level 8.1 Short Blades
 - Level 1.0 Throwing
 + Level 1.3 Dodging
 - Level 1.2 Stealth
 - Level 4.0 Shields
   Level 2.6 Hexes
   Level 1.5 Charms
 - Level 1.1 Evocations


You had 7 spell levels left.
You didn't know any spells.
Your spell library was empty.

Dungeon Overview and Level Annotations

Branches:
Dungeon (6/15)             Temple (1/1) D:4

Altars:
Ashenzari
Cheibriados
Dithmenos
Elyvilon
Fedhas
Gozag
Kikubaaqudgha
Nemelex Xobeh
Okawaru
Qazlal
Ru
Sif Muna
Trog
Uskayaw
Wu Jian
Xom
Yredelemnul
Zin
The Shining One

Annotations:
D:2 vpUX: , Natasha


Message History

* * * LOW HITPOINT WARNING * * *
Damage: 10 (max 10)
You open the door.
A centaur skeleton comes into view.
The orc wizard hits you with a dagger of venom.
* * * LOW HITPOINT WARNING * * *
You are poisoned.
Found a tapered bone wand.
Damage: 3 (max 10) Which direction?
You close the door.
You feel sick. You block the orc wizard's attack.
The orc wizard mumbles some strange words.
The orc wizard seems to speed up.
Damage: 1 (max 10)
You puncture the orc! Lightning courses through the orc!
You kill the orc!
Evoke which item? (* to show all) (? for menu, Esc to quit)
Aiming: Paralyse
Press: ? - help, Shift-Dir - straight line, f - orc wizard
Aim: an orc wizard, wielding a dagger of venom and wearing a robe (fast, chance to defeat MR: 49%)
The orc wizard resists with some effort.
You feel sick. The orc wizard barely misses you.
The orc wizard hits you but does no damage.
You are more poisoned.
Damage: 1 (max 10) Evoke which item? (* to show all) (? for menu, Esc to quit)
Aiming: Paralyse
Press: ? - help, Shift-Dir - straight line, f/p - orc wizard
Aim: an orc wizard, wielding a dagger of venom and wearing a robe (fast, chance to defeat MR: 49%)
The orc wizard resists with some effort.
You feel sick. You block the orc wizard's attack.
The orc wizard hits you with a dagger of venom.
* * * LOW HITPOINT WARNING * * *
You are lethally poisoned!
The orc wizard hits you but does no damage. x2
You are more poisoned.
Damage: 2 (max 10)
* * * LOW HITPOINT WARNING * * *
You feel very sick.
Damage: 3 (max 10)
* * * LOW HITPOINT WARNING * * *
You feel sick. The orc wizard casts a spell at you. The puff of flame hits you!
* * * LOW HITPOINT WARNING * * *
The orc wizard gestures wildly while chanting.
The orc wizard blinks!
The orc wizard casts a spell at you. The magic dart hits you!
You die...

............. ......#####
#....)...### #.........#
.........######.....o...#######
........).....................
............................#
...............##...........#
...............#.........(..#...
...............#..ยง.)).(........
...............#@o.)..##........
#........##+#####+##..#.$.#.....
#........# #.. #..#.........
.........# #.Z #..#.....#...
......... #/. #.##.....# ..
........ #.. #........# . .....#
.# #.. #......#.# .....# .# #..
#.. #....###.#


You could see 2 orc wizards.

Vanquished Creatures
  Eustachio (D:5)
  A sky beast (D:5)
  A phantom (D:4)
  An ogre (D:6)
  A centaur (D:5)
  2 big kobolds (Sewer)
  A bullfrog (D:6)
  A scorpion (D:4)
  A crimson imp (D:5)
  2 bullfrog zombies
  2 hounds
  A jelly (D:5)
  2 orc priests
  6 orc wizards
  3 worker ants
  2 river rats (Sewer)
  13 adders
  A howler monkey skeleton (D:5)
  A shadow imp (D:6)
  3 oozes
  An adder skeleton (D:6)
  4 worms
  6 dart slugs
  8 leopard geckos
  18 orcs
  5 ball pythons
  A giant cockroach (D:4)
  6 goblins
  8 hobgoblins
  4 jackals (D:4)
  5 quokkas
  5 bats
  6 frilled lizards
  24 kobolds
  29 rats
176 creatures vanquished.

Vanquished Creatures (others)
  An adder (D:3)
1 creature vanquished.

Grand Total: 177 creatures vanquished

Notes
Turn   | Place    | Note
-------+----------+-------------------------------------------
     0 | D:1      | Gorice the Deep Elf Wanderer began the quest for the Orb.
     0 | D:1      | Gorice set off with: a +2 short sword, a scroll of teleportation {!r}, a potion of curing, a +0 robe, a ration
     0 | D:1      | Reached XP level 1. HP: 12/12 MP: 3/3
   119 | D:1      | Reached XP level 2. HP: 11/16 MP: 4/4
   384 | D:1      | --no spells, so just knew that would be robe of archmagi!
   673 | D:1      | Reached skill level 3 in Short Blades
   890 | D:2      | Reached XP level 3. HP: 8/20 MP: 5/5
  1088 | D:2      | Found an ornate altar of the Wu Jian Council.
  1298 | D:2      | Found an ancient bone altar of Kikubaaqudgha.
  1299 | D:2      | Found a blossoming altar of Fedhas.
  1848 | D:2      | Found an iron altar of Okawaru.
  1850 | D:2      | Noticed Natasha
  1859 | D:2      | Reached XP level 4. HP: 26/26 MP: 6/6
  2306 | D:3      | Reached skill level 1 in Shields
  2348 | D:3      | Reached skill level 2 in Fighting
  2542 | D:3      | Found a glowing drain.
  2546 | Sewer    | Entered a sewer
  2644 | Sewer    | Noticed a big kobold
  2664 | Sewer    | Killed a big kobold
  2664 | Sewer    | Reached skill level 4 in Short Blades
  2664 | Sewer    | Reached XP level 5. HP: 22/31 MP: 7/7
  3431 | Sewer    | HP: 8/31 [kobold/short sword of electrocution (3)]
  3451 | Sewer    | HP: 7/31 [kobold/short sword of electrocution (3)]
  3460 | Sewer    | Reached skill level 5 in Short Blades
  3460 | Sewer    | Reached skill level 2 in Shields
  3460 | Sewer    | Reached XP level 6. HP: 8/36 MP: 8/8
  3953 | D:3      | Found a shattered altar of Ashenzari.
  3956 | D:3      | HP: 4/36 [something/puff of frost (9)]
  4453 | D:3      | Reached skill level 3 in Fighting
  4718 | D:3      | Found a shadowy altar of Dithmenos.
  4887 | D:3      | Found a deep blue altar of Sif Muna.
  4887 | D:3      | Found a hide-covered altar of Uskayaw.
  5014 | D:3      | Reached XP level 7. HP: 30/41 MP: 9/9
  5647 | D:3      | Found a basalt altar of Yredelemnul.
  5649 | D:3      | Noticed a profane servitor
  5655 | D:3      | Found a glowing golden altar of the Shining One.
  5891 | D:3      | Found a blossoming altar of Fedhas.
  5964 | D:3      | Noticed an angel
  6058 | D:4      | Reached skill level 6 in Short Blades
  6222 | D:4      | Found a staircase to the Ecumenical Temple.
  6259 | D:4      | Reached skill level 3 in Shields
  6285 | Temple   | Entered the Ecumenical Temple
  7536 | D:5      | Entered Level 5 of the Dungeon
  7653 | D:5      | Got a shimmering robe
  7688 | D:5      | Noticed Eustachio
  7705 | D:5      | Killed Eustachio
  7705 | D:5      | Reached skill level 4 in Fighting
  7705 | D:5      | Reached skill level 7 in Short Blades
  7705 | D:5      | Reached XP level 8. HP: 33/48 MP: 10/10
  8565 | D:6      | Reached skill level 8 in Short Blades
  8565 | D:6      | Reached skill level 4 in Shields
  8652 | D:6      | HP: 14/48 [poisoned by an orc wizard]
  8654 | D:6      | HP: 1/48 [orc wizard/puff of flame (8)]
  8654 | D:6      | Killed from afar by an orc wizard

Vault maps used:
D:1:      lightli_arrival_lavapool, st_stairs_8, minmay_hexomino_u4
D:2:      grunt_temple_overflow_growth_and_decay, okawaru_trees_2,
          lemuel_crystal_altar, guppyfry_early_lair_pool, uniq_natasha
D:3:      grunt_temple_overflow_holy_war, marbit_many_paths,
          overflow_temple_1_default, gammafunk_temple_overflow_wave,
          gup_sewer_entry_bowl, fedhas_altar_4
D:4:      cheibrodos_pilgrimage, minmay_temple_entry_hall, first_ration
D:5:      uniq_eustachio
D:6:      nrook_uturn, kennysheep_doodads
Temple:   jpeg_temple_island
Sewer:    sewer_minmay_treatment

Skill      XL: |  1  2  3  4  5  6  7  8 |
---------------+-------------------------+-----
Short Blades   | 3 4 5 7 8 |  8.1
Shields        | 1 2 3 4 |  4.0
Fighting       | 2 3 4 |  4.5
Throwing       | |  1.0
Dodging        | |  1.3
Stealth        | |  1.2
Hexes          | |  2.6
Charms         | |  1.5
Evocations     | |  1.1

Action                   |  1- 3 |  4- 6 |  7- 9 || total
-------------------------+-------+-------+-------++-------
Melee: Short sword       |   107 |   186 |   163 ||   456
 Fire: Hunting sling     |       |    85 |   131 ||   216
Throw: Stone             |    12 |       |       ||    12
       Tomahawk          |       |       |     5 ||     5
Evoke: Wand              |       |     4 |     3 ||     7
  Use: Scroll            |     3 |     4 |     7 ||    14
 Stab: Sleeping          |     1 |       |     2 ||     3
       Paralysed         |       |     3 |       ||     3
  Eat: Chunk             |     3 |     7 |     7 ||    17
       Ration            |       |     1 |     1 ||     2
Armor: Robe              |    13 |    55 |    33 ||   101
Dodge: Dodged            |    47 |   113 |    50 ||   210
Block: Buckler           |     8 |    36 |    18 ||    62

Table legend:
 A = Spawn XP
 B = Non-spawn XP
 C = Spawn XP percentage of total XP
 D = Spawn monster count
 E = Non-spawn monster count
 F = Spawn count percentage of total count
 G = Total turns spent on level
                    A         B        C        D         E        F      G
               +---------+---------+-------+---------+---------+-------+---------
         Total |       0 |    2242 |   0.0 |       0 |     176 |   0.0 |  8654
               +---------+---------+-------+---------+---------+-------+---------
           D:1 |       0 |      35 |   0.0 |       0 |      19 |   0.0 |   868
           D:2 |       0 |      95 |   0.0 |       0 |      21 |   0.0 |  1922
           D:3 |       0 |     394 |   0.0 |       0 |      40 |   0.0 |  2057
           D:4 |       0 |     453 |   0.0 |       0 |      21 |   0.0 |  1065
           D:5 |       0 |     648 |   0.0 |       0 |      15 |   0.0 |   923
           D:6 |       0 |     294 |   0.0 |       0 |      12 |   0.0 |   195
         Sewer |       0 |     323 |   0.0 |       0 |      48 |   0.0 |  1368
               +---------+---------+-------+---------+---------+-------+---------

Table legend:
 A = Turns spent in this place as a percentage of turns spent in the entire game.
 B = Non-inter-level travel turns spent in this place as a percentage of non-inter-level travel turns spent in the entire game.
 C = Inter-level travel turns spent in this place as a percentage of turns spent in this place.
 D = Turns resting spent in this place as a percentage of non-inter-level travel turns spent in this place.
 E = Turns spent auto-exploring this place as a percentage of non-inter-level travel turns spent in this place.
 F = Non-inter-level travel turns spent in this place divided by the number of levels of this place that you've seen.
                   A       B       C       D       E      F
               +-------+-------+-------+-------+-------+----------------------
         Total | 100.0 | 100.0 |   3.4 |  30.1 |  34.5 | 1045.1
       Dungeon |  81.2 |  80.9 |   3.8 |  27.9 |  37.2 | 1126.8
        Temple |   3.0 |   2.8 |   9.4 |   0.0 |  93.5 | 232.0
         Sewer |  15.8 |  16.4 |   0.0 |  45.7 |  11.3 | 1368.0
               +-------+-------+-------+-------+-------+----------------------

Vault maps used:
D:1:      lightli_arrival_lavapool, st_stairs_8, minmay_hexomino_u4
D:2:      grunt_temple_overflow_growth_and_decay, okawaru_trees_2,
          lemuel_crystal_altar, guppyfry_early_lair_pool, uniq_natasha
D:3:      grunt_temple_overflow_holy_war, marbit_many_paths,
          overflow_temple_1_default, gammafunk_temple_overflow_wave,
          gup_sewer_entry_bowl, fedhas_altar_4
D:4:      cheibrodos_pilgrimage, minmay_temple_entry_hall, first_ration
D:5:      uniq_eustachio
D:6:      nrook_uturn, kennysheep_doodads
Temple:   jpeg_temple_island
Sewer:    sewer_minmay_treatment
